 Dungeon Crawl Stone Soup version 0.27-a0-1590-g15f69828bf (webtiles) character file.

Game seed: 10669765567893692360

39 Sin92 the Skirmisher (level 3, -1/29 HPs)
             Began as a Demonspawn Fighter on July 18, 2021.
             Slain by Sigmund (9 damage)
             ... on level 2 of the Dungeon.
             The game lasted 00:01:00 (1563 turns).

Sin92 the Skirmisher (Demonspawn Fighter)           Turns: 1563, Time: 00:01:00

Health: -1/29      AC:  6    Str: 13 (16) XL:     3   Next: 28%
Magic:  3/3        EV:  6    Int:  7 (9)  God:
Gold:   68         SH: 12    Dex: 12 (13) Spells: 2/2 levels left

rFire    . . .     SeeInvis .   a - +0 long sword
rCold    . . .     Faith    .   c - +0 kite shield
rNeg     . . .     Spirit   .   b - +0 scale mail
rPois    .         Reflect  .   (no helmet)
rElec    .         Harm     .   (no cloak)
rCorr    .         Rampage  .   (no gloves)
Will     .....                  (no boots)
Stlth    ..........             (no amulet)
HPRegen  0.09/turn              (no ring)
MPRegen  0.08/turn              (no ring)

@: mighty
A: condensation shield, demonic magic 1
a: no special abilities


You were on level 2 of the Dungeon.
You visited 1 branch of the dungeon, and saw 2 of its levels.

You collected 68 gold pieces.

Inventory:

Hand Weapons
 a - a +0 long sword (weapon)
Armour
 b - a +0 scale mail (worn)
 c - a +0 kite shield (worn)
Scrolls
 e - 3 scrolls of magic mapping {unknown}
 g - a scroll of noise {unknown}


   Skills:
 + Level 3.3 Fighting
 + Level 2.2 Long Blades
 + Level 3.0 Armour
 + Level 1.0 Dodging
 + Level 3.0 Shields


You had 2 spell levels left.
You didn't know any spells.
Your spell library was empty.

Dungeon Overview and Level Annotations

Branches:
Dungeon (2/15)

Altars:
The Shining One

Annotations:
D:2 Sigmund


Innate Abilities, Weirdness & Mutations

A meltable shield of frost defends you. (SH +4)
Spells you cast may paralyse adjacent enemies.


Message History

A rat is nearby!
You hit the rat.
You kill the rat!
Unknown command.
HP restored.
A worm comes into view.
Sigmund the Dreaded comes into view.
He is wielding a +0 scythe.
Found 18 bolts.
Sigmund shouts!
Unknown command.
There are monsters nearby!
Unknown command.
There are monsters nearby!
Unknown command.
The worm closely misses you.
You riposte.
You slash the worm!
The worm is severely wounded.
There are monsters nearby!
You slash the worm!
You kill the worm!
Sigmund points at you and mumbles some strange words.
You are confused.
Your Shields skill increases to level 3!
You are too confused!
Unknown command.
Sigmund is nearby!
You feel very mighty all of a sudden.
It was a potion of degeneration.
There was something very wrong with that liquid.
You feel weakened.
You feel dopey.
You feel clumsy.
You're too confused to move!
Sigmund gestures wildly while chanting.
Sigmund flickers and vanishes!
Deactivating autopickup; reactivate with Ctrl-A.
You feel less confused. Something hits you! Something completely misses you.
You slice something!! Something hits you!
* * * LOW HITPOINT WARNING * * *
Something hits you!
You die...

#########
##..#...###.# .
##............ #.#
##..##..#..####
#...####..#.).##.##
# #.........#.... #
####.....####.. #
##...#.#....... #
####.............#.
# #.....@{...#####.
# #....†######
#(....# ........#
.##.....# # #######


There were no monsters in sight!

Vanquished Creatures
  A gnoll (D:1)
  A worm (D:2)
  A ball python (D:1)
  3 endoplasms (D:1)
  2 giant cockroaches (D:1)
  A goblin (D:1)
  A hobgoblin (D:2)
  6 kobolds
  3 quokkas (D:1)
  2 bats (D:1)
  5 rats
26 creatures vanquished.

Notes
Turn   | Place    | Note
-------+----------+-------------------------------------------
     0 | D:1      | Sin92 the Demonspawn Fighter began the quest for the Orb.
     0 | D:1      | Reached XP level 1. HP: 18/18 MP: 1/1
   251 | D:1      | Gained mutation: A meltable shield of frost defends you.
                  | (SH +4) [demonic ancestry]
   251 | D:1      | Reached XP level 2. HP: 1/24 MP: 2/2
   887 | D:1      | Found a faded altar of an unknown god.
  1084 | D:1      | Gained mutation: Spells you cast may paralyse adjacent
                  | enemies. [demonic ancestry]
  1084 | D:1      | Reached XP level 3. HP: 26/29 MP: 3/3
  1472 | D:2      | Reached skill level 1 in Dodging
  1551 | D:2      | Noticed Sigmund
  1563 | D:2      | Slain by Sigmund

Illustrated notes

Levels and vault maps discovered:
D:1:      lightli_arrival_lavapool, layout_basic, ebering_ecumenical_altar_box,
          chequers_garden
D:2:      layout_rooms, basic_altar, minmay_misc_feat_chi, uniq_sigmund

Skill      XL: |  1  2  3 |
---------------+----------+-----
Long Blades    | 2 |  2.2
Armour         | 3 |  3.0
Dodging        | 1 |  1.0
Shields        | 3 |  3.0
Fighting       | |  3.3

Action                   || total
-------------------------++-------
Melee: Long sword        ||    83
  Use: Potion            ||     2
Armor: Scale mail        ||    29
Dodge: Dodged            ||    16
Block: Kite shield       ||    59
       Rpst.: Long sword ||     7

Table legend: (Time is in decaauts)
 A = Elapsed time spent in this place.
 B = Non-inter-level travel time spent in this place.
 C = Inter-level travel time spent in this place.
 D = Time resting spent in this place.
 E = Time spent auto-exploring this place.
 F = Levels seen in this place.
 G = Mean time per level.
                   A        B        C        D        E       F      G
               +--------+--------+--------+--------+--------+-----+--------+
         Total |   1607 |   1595 |     12 |    536 |    845 |   2 |  803.5 |
       Dungeon |   1607 |   1595 |     12 |    536 |    845 |   2 |  803.5 |
               +--------+--------+--------+--------+--------+-----+--------+

Top non-repeatable levels by time:
     D:1: 1450 daAuts
     D:2: 156 daAuts
